 Dungeon Crawl Stone Soup version 0.30-a0-135-g630cfc4551 (webtiles) character file.

Game seed: 9713092912008938628

28 nono the Trooper (level 3, -1/24 HPs)
             Began as a Kobold Fighter on Sept 20, 2022.
             Slain by Crazy Yiuf
             ... wielding a +3 quarterstaff of chaos
              (9 damage)
             ... on level 2 of the Dungeon.
             The game lasted 00:02:09 (1301 turns).

nono the Trooper (Kobold Fighter)                   Turns: 1301, Time: 00:02:10

Health: -1/24      AC:  6    Str: 15    XL:     3   Next: 30%
Magic:  3/3        EV: 16    Int:  9    God:
Gold:   55         SH:  5    Dex: 14    Spells: 2/2 levels left

rFire   . . .      SeeInvis .    a - +0 flail
rCold   . . .      Faith    .    c - +0 buckler
rNeg    . . .      Spirit   .    g - +0 scale mail
rPois   .          Reflect  .    (no helmet)
rElec   .          Harm     .    (no cloak)
rCorr   .          Rampage  .    (no gloves)
Will    .....                    (no boots)
Stlth   +.........               (no amulet)
HPRegen 0.08/turn                (no ring)
MPRegen 0.08/turn                (no ring)

@: mighty, agile
A: small, no large weapons, nightstalker 3
a: no special abilities


You were on level 2 of the Dungeon.
You visited 1 branch of the dungeon, and saw 2 of its levels.

You collected 55 gold pieces.

Inventory:

Hand Weapons
 a - a +0 flail (weapon)
 b - a +0 dagger
Armour
 c - a +0 buckler (worn)
 g - a +0 scale mail (worn)
Jewellery
 k - an amulet of magic regeneration
Scrolls
 e - a scroll of identify {unknown}
 f - 2 scrolls of enchant weapon {unknown}
 i - a scroll of amnesia {unknown}
 j - a scroll of vulnerability {unknown}
 l - 2 scrolls of blinking {unknown}
 m - a scroll of noise {unknown}
Potions
 h - 2 potions of attraction {unknown}
 n - a potion of degeneration {unknown}


   Skills:
 * Level 3.8 Fighting
 * Level 2.1 Maces & Flails
 - Level 2.4 Armour
 * Level 1.5 Dodging
 + Level 1.2 Stealth
 - Level 2.4 Shields


You had 2 spell levels left.
You didn't know any spells.
Your spell library contained the following spells:

 Spells                   Type           Power      Damage    Failure   Level
 Confusing Touch          Hex            0%         N/A       100%        3
 Yara's Violent Unravell  Hex/Tmut       0%         3d3       100%        5
 Enfeeble                 Hex            0%         N/A       100%        7


Dungeon Overview and Level Annotations

Branches:
Dungeon (2/15)

Altars:

Shops:
D:1 !

Annotations:
D:2 Crazy Yiuf


Innate Abilities, Weirdness & Mutations

You are small and have problems with some larger weapons.
You are completely attuned to the shadows.


Message History

You closely miss the bat. You block the bat's attack. The bat hits you.
The bat misses you.
You closely miss the bat. You block the bat's attack.
The bat closely misses you. The bat completely misses you.
You hit the bat.
You kill the bat!
No target in view!
No target in view!
Found a runed translucent door.
Found a hammer.
Crazy Yiuf shouts!
You feel very mighty all of a sudden.
You open the door.
Crazy Yiuf yells, "Candle!"
You closely miss Crazy Yiuf. You block Crazy Yiuf's attack.
Crazy Yiuf hits you with a +3 quarterstaff of chaos.
Crazy Yiuf burns you.
You hit Crazy Yiuf.
Crazy Yiuf is lightly wounded.
You block Crazy Yiuf's attack.
You sock Crazy Yiuf!
Crazy Yiuf is severely wounded.
Crazy Yiuf hits you with a +3 quarterstaff of chaos.
You feel agile all of a sudden.
You closely miss Crazy Yiuf.
Crazy Yiuf is severely wounded.
Crazy Yiuf grits, "Proton shrimp cloud!"
Crazy Yiuf drinks a potion.
Crazy Yiuf is healed!
You block Crazy Yiuf's attack.
You closely miss Crazy Yiuf.
Crazy Yiuf is heavily wounded.
Crazy Yiuf misses you.
You barely miss Crazy Yiuf.
Crazy Yiuf is heavily wounded.
Crazy Yiuf hits you with a +3 quarterstaff of chaos. x2
You resist with some effort.
You hit Crazy Yiuf.
Crazy Yiuf is heavily wounded.
Crazy Yiuf hits you with a +3 quarterstaff of chaos!
You die...

#)..# #...#
... #g# #@##
##.# #.##
##.# ##.##
##...# ..
#...## #.#
##..## #.#
#....###.###.


You could see Crazy Yiuf.

Vanquished Creatures
  3 ball pythons (D:2)
  2 endoplasms (D:1)
  2 giant cockroaches
  2 goblins (D:1)
  2 hobgoblins (D:1)
  2 quokkas (D:1)
  6 bats
  A kobold (D:1)
  6 rats
26 creatures vanquished.

Notes
Turn   | Place    | Note
-------+----------+-------------------------------------------
     0 | D:1      | nono the Kobold Fighter began the quest for the Orb.
     0 | D:1      | Reached XP level 1. HP: 14/14 MP: 1/1
   220 | D:1      | Reached XP level 2. HP: 17/19 MP: 2/2
   242 | D:1      | Found Poyxzueg's Distillery.
   326 | D:1      | Reached skill level 1 in Dodging
   518 | D:1      | Reached skill level 1 in Stealth
   660 | D:1      | Reached XP level 3. HP: 20/24 MP: 3/3
  1289 | D:2      | Found a runed translucent door.
  1292 | D:2      | Noticed Crazy Yiuf
  1301 | D:2      | Slain by Crazy Yiuf

Illustrated notes

Levels and vault maps discovered:
D:1:      dpeg_arrival_fog, layout_loops_ring, serial_shops, shop,
          grunt_decor_mini_mirrors, minmay_octomino_j4
D:2:      layout_loops_ring, serial_shops, shop_fountains, grunt_ministairs_8,
          uniq_crazy_yiuf_cottage

Skill      XL: |  1  2 |
---------------+-------+-----
Maces & Flails | 2 |  2.1
Dodging        | 1 |  1.5
Stealth        | 1 |  1.2
Fighting       | |  3.8
Armour         | |  2.4
Shields        | |  2.4

Action                   || total
-------------------------++-------
Melee: Flail             ||    66
       Dagger            ||     2
  Use: Potion            ||     1
 Stab: Sleeping          ||     4
Armor: Scale mail        ||    28
Dodge: Dodged            ||    29
Block: Buckler           ||    18

Table legend: (Time is in decaauts)
 A = Elapsed time spent in this place.
 B = Non-inter-level travel time spent in this place.
 C = Inter-level travel time spent in this place.
 D = Time resting spent in this place.
 E = Time spent auto-exploring this place.
 F = Levels seen in this place.
 G = Mean time per level.
                   A        B        C        D        E       F      G
               +--------+--------+--------+--------+--------+-----+--------+
         Total |   1322 |   1285 |     37 |      0 |   1105 |   2 |  661.0 |
       Dungeon |   1322 |   1285 |     37 |      0 |   1105 |   2 |  661.0 |
               +--------+--------+--------+--------+--------+-----+--------+

Top non-repeatable levels by time:
     D:1: 1000 daAuts
     D:2: 321 daAuts
